 Dungeon Crawl Stone Soup version 0.17-a0-1150-g17b0b87 (webtiles) character file.

321 Kappalord the Shield-Bearer (level 6, -2/48 HPs)
             Began as a Human Fighter on May 27, 2015.
             Slain by a gnoll (3 damage)
             ... on level 3 of the Dungeon.
             The game lasted 00:06:59 (1541 turns).

Kappalord the Shield-Bearer (Human Fighter)         Turns: 1541, Time: 00:07:00

Health: -2/48      AC:  7    Str: 18    XL:     6   Next: 76%
Magic:  6/6        EV:  8    Int:  9    God:
Gold:   134        SH:  9    Dex: 12    Spells: 0 memorised, 5 levels left

rFire  . . .     SeeInvis .     j - +2 short sword (elec)
rCold  . . .     Clarity  .     b - +0 scale mail
rNeg   . . .     SustAt   .     c - +0 shield
rPois  .         Gourm    .     (no helmet)
rElec  .         Spirit   .     (no cloak)
rCorr  .         Warding  .     (no gloves)
rMut   .         Stasis   .     (no boots)
MR     .....                    (no amulet)
Stlth  ..........               (no ring)
                                (no ring)

@: starving, not resistant to hostile enchantments, extremely unstealthy
A: no striking features
a: no special abilities


You were on level 3 of the Dungeon.
You were starving.

You visited 1 branch of the dungeon, and saw 3 of its levels.

You collected 134 gold pieces.

Inventory:

Hand weapons
 a - a +0 war axe
 j - a +2 short sword of electrocution (weapon)
Armour
 b - a +0 scale mail (worn)
 c - a +0 shield (worn)
Scrolls
 i - a scroll of enchant weapon
 k - a scroll of amnesia {unknown}
 m - a scroll of remove curse {unknown}
 n - a scroll of enchant armour {unknown}
Comestibles
 e - a bread ration
 h - 2 meat rations


   Skills:
 + Level 3.8 Fighting
 + Level 1.4 Short Blades
 + Level 3.0 Axes
 + Level 4.1 Armour
 + Level 2.2 Dodging
 + Level 0.4 Stealth
 + Level 4.3 Shields


You had 5 spell levels left.
You didn't know any spells.

Dungeon Overview and Level Annotations

Branches:
Dungeon (3/15)

Altars:
Fedhas


Message History

The gnoll is moderately wounded.
You block the gnoll's attack. The gnoll hits you but does no damage.
The gnoll hits you with a halberd!
* * * LOW HITPOINT WARNING * * *
The gnoll hits you with a spear.
* * * LOW HITPOINT WARNING * * *
As you read the scroll labeled GECZEU GIENY, it crumbles to dust.
It is a scroll of identify.
Identify which item? (\ to view known items) (? for menu, Esc to quit)
i - a scroll of enchant weapon You block the gnoll's attack.
The gnoll hits you from afar with a spear.
* * * LOW HITPOINT WARNING * * *
The gnoll hits you but does no damage. The gnoll hits you with a halberd.
* * * LOW HITPOINT WARNING * * *
As you read the scroll labeled XYICWU QOTE, it crumbles to dust.
It is a scroll of recharging.
You aren't carrying any rechargeable items.
The gnoll hits you.
You die...

.## . ..#.####. .. #.#
.#.##... #.#
##.###........
###..#####.....##.##...
...............#.##... .
..............#...... ...
#..................
.....###.....<......##...
#....@g.[.............
#.###gg..........###..
#g........#..# #..
#####†..#.###.....##.<
#.........# ###.......
#......†#..## #..###..
.g........## #...[...
..........# ###))...
#........## #.#...


You could see 4 gnolls.

Vanquished Creatures
  The ghost of password the Sneak, an average KoAs (D:3)
  2 orc priests (D:3)
  Jessica (D:2)
  2 adders (D:2)
  3 giant geckos
  3 orcs (D:3)
  5 bats
  A giant cockroach (D:1)
  2 goblins
  7 hobgoblins
  3 jackals (D:3)
  10 kobolds
  3 ball pythons
  2 giant newts
  5 rats
  A fungus (D:2)
51 creatures vanquished.

Notes
Turn   | Place    | Note
--------------------------------------------------------------
     0 | D:1      | Kappalord the Human Fighter began the quest for the Orb.
     0 | D:1      | Reached XP level 1. HP: 18/18 MP: 1/1
     2 | D:1      | Noticed a merfolk
     4 | D:1      | Noticed a gargoyle
     8 | D:1      | Noticed a draconian
     8 | D:1      | Noticed a ghoul
    10 | D:1      | Noticed an octopode
    10 | D:1      | Noticed a troll
    12 | D:1      | Noticed an ogre
    12 | D:1      | Noticed a demigod
    14 | D:1      | Noticed a tengu
    14 | D:1      | Noticed a minotaur
    16 | D:1      | Noticed a vine stalker
    16 | D:1      | Noticed a felid
    18 | D:1      | Noticed a demonspawn
    20 | D:1      | Noticed an elf
    20 | D:1      | Noticed a dwarf
    24 | D:1      | Noticed a human
    24 | D:1      | Noticed a naga
    26 | D:1      | Noticed a formicid
    26 | D:1      | Noticed a vampire
    28 | D:1      | Noticed a spriggan
    28 | D:1      | Noticed a centaur
    89 | D:1      | Reached XP level 2. HP: 16/24 MP: 2/2
   380 | D:1      | Reached XP level 3. HP: 26/29 MP: 3/3
   776 | D:2      | Noticed Jessica
   791 | D:2      | Killed Jessica
   791 | D:2      | Reached XP level 4. HP: 30/35 MP: 4/4
   792 | D:2      | Found a blossoming altar of Fedhas.
  1148 | D:2      | Reached skill level 1 in Dodging
  1353 | D:3      | Reached XP level 5. HP: 20/41 MP: 5/5
  1473 | D:3      | Noticed password's ghost (average KoAs)
  1488 | D:3      | Killed password's ghost
  1488 | D:3      | Reached skill level 1 in Short Blades
  1488 | D:3      | Reached skill level 4 in Armour
  1488 | D:3      | Reached XP level 6. HP: 36/48 MP: 6/6
  1540 | D:3      | HP: 2/48 [gnoll/spear (4)]
  1541 | D:3      | Slain by a gnoll

Vault maps used:
D:1:      kb_arrival_jail
D:2:      nicolae_overflow_hidden_temple, minmay_gold_behind_fungi, st_stairs_4,
          uniq_jessica
D:3:      gammafunk_temple_overflow_pools

Action                   |  1- 3 |  4- 6 || total
-------------------------+-------+-------++-------
Melee: War axe           |    51 |       ||    51
       Short sword       |     9 |    84 ||    93
  Use: Potion            |       |     2 ||     2
       Scroll            |       |     2 ||     2
